 Dungeon Crawl Stone Soup version 0.17-a0-1979-g1c74939 (webtiles) character file.

73 kae the Slasher (level 4, 0/39 HPs)
             Began as a Minotaur Fighter on Oct 5, 2015.
             Slain by Bnni's ghost (7 damage)
             ... on level 3 of the Dungeon.
             The game lasted 00:01:05 (1595 turns).

kae the Slasher (Minotaur Fighter)                  Turns: 1595, Time: 00:01:05

Health: 0/39       AC:  6    Str: 21    XL:     4   Next: 8%
Magic:  3/3        EV:  7    Int:  6    God:
Gold:   218        SH:  9    Dex:  9    Spells: 0 memorised, 3 levels left

rFire  . . .     SeeInvis .     a - +0 long sword
rCold  . . .     Clarity  .     b - +0 scale mail
rNeg   . . .     SustAt   .     c - +0 shield
rPois  .         Gourm    .     (helmet restricted)
rElec  .         Spirit   .     (no cloak)
rCorr  .         Warding  .     (no gloves)
rMut   .         Stasis   .     (no boots)
MR     .....                    (no amulet)
Stlth  ..........               (no ring)
                                (no ring)

@: not resistant to hostile enchantments, extremely unstealthy
A: retaliatory headbutt, horns 2
a: no special abilities


You were on level 3 of the Dungeon.
You were very hungry.

You visited 1 branch of the dungeon, and saw 3 of its levels.

You collected 218 gold pieces.

Inventory:

Hand Weapons
 a - a +0 long sword (weapon)
Armour
 b - a +0 scale mail (worn)
 c - a +0 shield (worn)
Wands
 q - a wand of random effects (38)
Scrolls
 f - 3 scrolls of identify {unknown}
 h - a scroll of random uselessness {unknown}
 j - a scroll of blinking {unknown}
 k - a scroll of fog {unknown}
 m - a scroll of teleportation {unknown}
 p - 3 scrolls of recharging {unknown}
 r - a scroll of immolation {unknown}
 t - a scroll of enchant armour {unknown}
Potions
 d - a potion of might
 g - a potion of heal wounds {unknown}
 l - a potion of flight {unknown}
 o - a potion of haste {unknown}
 u - a potion of curing {unknown}
 v - a potion of poison {unknown}
Comestibles
 e - 3 bread rations
 i - 2 beef jerkies
 n - a slice of pizza
 w - a meat ration


   Skills:
 - Level 3.6 Fighting
 + Level 5.3 Long Blades
 - Level 3.6 Armour
 - Level 3.6 Shields


You had 3 spell levels left.
You didn't know any spells.

Dungeon Overview and Level Annotations

Branches:
Dungeon (3/15)

Altars:
Elyvilon
Kikubaaqudgha
Makhleb
Nemelex Xobeh
Xom

Annotations:
D:3 Bnni's ghost, amateur DsGl


Innate Abilities, Weirdness & Mutations

You reflexively headbutt those who attack you in melee.
You have a pair of horns on your head.


Message History

You are too injured to fight recklessly!
You are too injured to fight recklessly!
You are too injured to fight recklessly!
You are too injured to fight recklessly!
Drink which item? (? for menu, Esc to quit)
Okay, then.
You closely miss Bnni's ghost. You headbutt Bnni's ghost.
Bnni's ghost is severely damaged.
You block Bnni's ghost's attack.
You slash Bnni's ghost!
Bnni's ghost is almost destroyed.
Bnni's ghost hits you.
* * * LOW HITPOINT WARNING * * *
You closely miss Bnni's ghost. Your headbutt misses Bnni's ghost.
Bnni's ghost is almost destroyed.
Bnni's ghost barely misses you.
You closely miss Bnni's ghost.
Bnni's ghost is almost destroyed.
Bnni's ghost hits you!
You die...

#...................##.#
#.#######.#...#..†......
#.# #.#.#.......#..#
#.#######.#.#....#.##..#
#.........#.'....+.##..#
################....####..#
#......................#..#
#.####################.#...
#.# #.....@.# .... #.#
#..[###W# #.# #.#.# ...
##'###.#.# .### #...####.##
.# #...'.....# .#
##...####### ## #.......#
#.......#


You could see Bnni's ghost.

Vanquished Creatures
  2 adders
  4 worms
  2 giant geckos
  An orc (D:3)
  A ball python (D:2)
  6 goblins
  7 hobgoblins
  2 bats
  A giant cockroach (D:1)
  A giant newt (D:1)
  7 jackals
  6 kobolds
  4 rats
44 creatures vanquished.

Notes
Turn   | Place    | Note
--------------------------------------------------------------
     0 | D:1      | kae the Minotaur Fighter began the quest for the Orb.
     0 | D:1      | Reached XP level 1. HP: 19/19 MP: 0/0
   122 | D:1      | Reached XP level 2. HP: 26/26 MP: 1/1
   595 | D:2      | Reached skill level 4 in Long Blades
   743 | D:2      | Reached XP level 3. HP: 27/31 MP: 2/2
   804 | D:2      | Found an ancient bone altar of Kikubaaqudgha.
   806 | D:2      | Found a sparkling altar of Nemelex Xobeh.
   875 | D:2      | Found a white marble altar of Elyvilon.
  1190 | D:3      | Found a shimmering altar of Xom.
  1196 | D:3      | Reached skill level 5 in Long Blades
  1323 | D:3      | Reached XP level 4. HP: 36/39 MP: 3/3
  1487 | D:3      | Found a burning altar of Makhleb.
  1582 | D:3      | Noticed Bnni's ghost (amateur DsGl)
  1595 | D:3      | Slain by Bnni's ghost

Vault maps used:
D:1:      onia_arrival_larder, roderic_three_in_a_row
D:2:      nicolae_overflow_hidden_temple, minitemple
D:3:      xom_butterflies, lemuel_doored_altar

Action                   |  1- 3 |  4- 6 || total
-------------------------+-------+-------++-------
Melee: Long sword        |   103 |    25 ||   128
  Eat: Chunk             |       |     1 ||     1
